[Event "*** Titled Tuesday Blitz"]
[Site "Chess.com"]
[Date "2020.05.19"]
[Round "10"]
[White "pastouche06"]
[Black "Lion-Al-Messi"]
[Result "0-1"]
[WhiteElo "2429"]
[BlackElo "2348"]
[TimeControl "180+1"]
[EndTime "13:53:42 PDT"]
[Termination "Lion-Al-Messi won by resignation"]

1. d4 d5 2. c4 c6 3. Nf3 Nf6 4. Qc2 g6 5. Bf4 Bg7 6. e3 O-O 7. Nc3 c5 8. dxc5 Qa5 9. Rd1 Ne4 10. Be5 f6 11. cxd5 fxe5 12. Qxe4 Bf5 13. Qa4 Qxc5 14.
e4 Bg4 15. Be2 a6 16. O-O b5 17. Qb3 Kh8 18. Ng5 Bd7 19. d6 h6 20. dxe7 Qxe7 21.
Nf3 Nc6 22. Nd5 Qf7 23. Nb6 Be6 24. Qc3 Nd4 25. Nxd4 exd4 26. Qg3 Rae8 27. Nd5 Bxd5 28. exd5 Rxe2 0-1

[Event "*** Titled Tuesday Blitz"]
[Site "Chess.com"]
[Date "2020.05.19"]
[Round "10"]
[White "Sam_ChessMood"]
[Black "Evgeny81"]
[Result "1-0"]
[WhiteElo "2874"]
[BlackElo "2722"]
[TimeControl "180+1"]
[EndTime "13:53:45 PDT"]
[Termination "Sam_ChessMood won by resignation"]

1. e4 e6 2. d4 d5 3. Nc3 Nf6 4. e5 Nfd7 5. f4 c5 6. Nf3 Nc6 7. Be3 Be7 8. Qd2 O-O 9. dxc5 Nxc5 10. O-O-O a6 11. h4 b5 12. Bd3 Nxd3+ 13. Qxd3 b4 14. Na4 a5 15. Ng5 g6 16. Bc5 Ba6 17. Qg3 Bb5 18.
Bxe7 Nxe7 19. h5 Nf5 20. Qh3 Bxa4 21. hxg6 h6 22. g4 Qc7 23. Rd2 Qc4 24. gxf5 Qxa2 25. Rg2 Qa1+ 26. Kd2 Qxb2 27. gxf7+ Rxf7 28. Nxe6+ 1-0

[Event "*** Titled Tuesday Blitz"]
[Site "Chess.com"]
[Date "2020.05.19"]
[Round "10"]
[White "Eltaj_Safarli"]
[Black "Firouzja2003"]
[Result "1/2-1/2"]
[WhiteElo "3011"]
[BlackElo "3167"]
[TimeControl "180+1"]
[EndTime "13:53:46 PDT"]
[Termination "Game drawn by repetition"]

1. e4 c6 2. d4 d5 3. exd5 cxd5 4. c4 Nf6 5. Nc3 e6 6. Nf3 Be7 7. cxd5 Nxd5 8. Bd3 O-O 9. O-O Nc6 10. Re1 h6 11. a3 b6 12. Qe2 Bb7 13. Bd2 Nf6 14. Be3 Rc8 15. Rad1 Qc7 16. Qd2 Rfd8 17. Bxh6 gxh6 18. Qxh6 Nxd4 19. Qg5+ Kf8 20. Qh6+ Kg8 21. Qg5+ Kf8 22. Qh6+ Kg8 1/2-1/2

[Event "*** Titled Tuesday Blitz"]
[Site "Chess.com"]
[Date "2020.05.19"]
[Round "10"]
[White "Akhayan"]
[Black "Nikithebest"]
[Result "1/2-1/2"]
[WhiteElo "2307"]
[BlackElo "2428"]
[TimeControl "180+1"]
[EndTime "13:53:46 PDT"]
[Termination "Game drawn by agreement"]

1. d4 Nf6 2. Nf3 c5 3. g3 cxd4 4. Nxd4 Nc6 5. Bg2 Nxd4 6. Qxd4 g6 7. O-O Bg7 8. Be3 O-O 9. Qd2 d6 10. Nc3 Qa5 11. Bd4 Be6 12. Rad1 Rfb8 13. Bxf6 Bxf6 14.
Ne4 Qxd2 15. Nxf6+ Kg7 16. Rxd2 Kxf6 17. b3 a5 18. a4 Ra7 19. Rd4 b5 20. axb5 Rxb5 21. Ra1 Rc5 22. Rd2 Rac7 23. c4 Bd7 24. Rda2 Ra7 25.
b4 Rxc4 26. bxa5 Rc5 27. a6 d5 28. Ra5 Rxa5 29. Rxa5 e6 30. e4 Bc8 31. exd5 Rxa6 32.
Rxa6 Bxa6 33. dxe6 Kxe6 34. f4 1/2-1/2

[Event "*** Titled Tuesday Blitz"]
[Site "Chess.com"]
[Date "2020.05.19"]
[Round "10"]
[White "Kolle05"]
[Black "archess2"]
[Result "1-0"]
[WhiteElo "2395"]
[BlackElo "2283"]
[TimeControl "180+1"]
[EndTime "13:53:52 PDT"]
[Termination "Kolle05 won by resignation"]

1. e4 c6 2. Nc3 d5 3. Nf3 Bg4 4. h3 Bh5 5. exd5 cxd5 6. g4 Bg6 7. Ne5 Nc6 8. d4 e6 9. Bb5 Rc8 10. h4 f6 11. Nxg6 hxg6 12. Bd3 Kf7 13. Ne2 Bd6 14. c3 e5 15. dxe5 Nxe5 16. Nd4 Nxd3+ 17. Qxd3 Qe7+ 18.
Be3 Bf4 19. O-O-O Bxe3+ 20. fxe3 Nh6 21. h5 f5 22. hxg6+ Kxg6 23. gxf5+ Kf7 24. Ne6 Qf6 25. Qxd5 Qxf5 26. Qd7+ Kf6 27. Qxg7+ Kxe6 28. Qd7+ Kf6 29. Rd6+ Kg5 30. Qg7+ 1-0

[Event "*** Titled Tuesday Blitz"]
[Site "Chess.com"]
[Date "2020.05.19"]
[Round "10"]
[White "Charlottemillard17"]
[Black "Arathorn2"]
[Result "0-1"]
[WhiteElo "1417"]
[BlackElo "2243"]
[TimeControl "180+1"]
[EndTime "13:53:59 PDT"]
[Termination "Arathorn2 won by checkmate"]

1. e4 c5 2. Nf3 d6 3. d4 cxd4 4.
Nxd4 Nf6 5. Nc3 a6 6. f4 e5 7.
Nb3 Nbd7 8. f5 b5 9. Bd3 Bb7 10. Qf3 b4 11. Ne2 d5 12. Ng3 a5 13. Bg5 a4 14.
Nd2 Qb6 15. Bxf6 Nxf6 16. Ndf1 Bc5 17. Qg4 Nxg4 18. exd5 Bf2+ 19. Ke2 Bxg3 20. Nxg3 Qf2+ 21. Kd1 Ne3+ 22. Kc1 Bxd5 23. Bb5+ Ke7 24. Bd3 Rac8 25. c3 bxc3 26. bxc3 Rxc3+ 27. Kb1 Rb8+ 28. Bb5 Rxb5# 0-1

[Event "*** Titled Tuesday Blitz"]
[Site "Chess.com"]
[Date "2020.05.19"]
[Round "10"]
[White "Chessmatus"]
[Black "InitiatingASC"]
[Result "0-1"]
[WhiteElo "2479"]
[BlackElo "2383"]
[TimeControl "180+1"]
[EndTime "13:54:07 PDT"]
[Termination "InitiatingASC won by resignation"]

1. e4 c5 2. Nf3 Nc6 3. d4 cxd4 4. Nxd4 Nf6 5. Nc3 e5 6. Ndb5 h6 7. Nd6+ Bxd6 8. Qxd6 Qe7 9. Qxe7+ Kxe7 10. Be3 d6 11. O-O-O Rd8 12. f3 Be6 13. Kb1 Rac8 14. Nd5+ Ke8 15.
Nxf6+ gxf6 16. Bxh6 d5 17. exd5 Bxd5 18. a3 Ba2+ 19.
Kc1 Nd4 20. c3 Nb3+ 21. Kc2 Nd4+ 22. Kc1 Nb3+ 23. Kc2 Nd4+ 24. Rxd4 exd4 25. Bb5+ Ke7 26. b3 Rxc3+ 27. Kb2 Bxb3 28. Re1+ Be6 29. Bd2 Rb3+ 0-1

[Event "*** Titled Tuesday Blitz"]
[Site "Chess.com"]
[Date "2020.05.19"]
[Round "10"]
[White "SergioGarciaFuentes"]
[Black "Camels1981"]
[Result "1-0"]
[WhiteElo "2140"]
[BlackElo "2313"]
[TimeControl "180+1"]
[EndTime "13:54:08 PDT"]
[Termination "SergioGarciaFuentes won by resignation"]

1. Nf3 g6 2. d4 Bg7 3. g3 Nf6 4. b3 O-O 5. Bb2 d6 6. Bg2 b6 7. Ne5 dxe5 8. dxe5 Qxd1+ 9. Kxd1 Ng4 10. Bxa8 Nxf2+ 11.
Ke1 Nxh1 12. Bxh1 Nd7 13. Na3 Nxe5 14. Nb5 c5 15. Nxa7 Bd7 16. Rd1 Bf5 17. Nc6 Nxc6 18. Bxg7 Kxg7 19. Bxc6 Bxc2 20. Rd7 Rc8 21. Bd5 Kf6 22.
Rb7 Rd8 23. Rxb6+ Ke5 24. Bc4 Rd1+ 25. Kf2 Be4 26. Bxf7 Rd2 27. Ke3 Rxa2 28. Re6+ Kf5 29. Rxe4 1-0

[Event "*** Titled Tuesday Blitz"]
[Site "Chess.com"]
[Date "2020.05.19"]
[Round "10"]
[White "gena217"]
[Black "SaySpade4VIP"]
[Result "1-0"]
[WhiteElo "2866"]
[BlackElo "2700"]
[TimeControl "180+1"]
[EndTime "13:54:09 PDT"]
[Termination "gena217 won by resignation"]

1. e4 c6 2. d4 d5 3. Nc3 dxe4 4.
Nxe4 Nf6 5. Nxf6+ exf6 6. c3 Bd6 7. Bd3 O-O 8. Qc2 Re8+ 9. Ne2 h5 10. O-O h4 11. h3 Nd7 12. Bd2 Nf8 13. Rae1 Bd7 14.
f4 g6 15. b4 b5 16. a4 a6 17. f5 g5 18. a5 Qc7 19. Kh1 Kg7 20. Qc1 Nh7 21. Ng1 Bg3 22. Rxe8 Rxe8 23. Ne2 Bd6 24. Re1 Qc8 25. Qb1 Re7 26. Ng1 Rxe1 27. Bxe1 Bf4 28. Nf3 Qe8 29. Qc2 Qxe1+ 30. Nxe1 1-0

[Event "*** Titled Tuesday Blitz"]
[Site "Chess.com"]
[Date "2020.05.19"]
[Round "10"]
[White "IMJonathanCarlstedt"]
[Black "vovachesss"]
[Result "0-1"]
[WhiteElo "2453"]
[BlackElo "2610"]
[TimeControl "180+1"]
[EndTime "13:54:12 PDT"]
[Termination "vovachesss won by resignation"]

1. d4 Nf6 2. Bf4 d6 3. Nf3 g6 4. e3 Bg7 5. h3 O-O 6. Be2 Nc6 7.
O-O Nd7 8. Bh2 e5 9. c4 exd4 10. exd4 Nf6 11. Nc3 Bf5 12. d5 Nb8 13. Nd4 Bc8 14.
b4 Nbd7 15. Qd2 Re8 16. a4 Ne4 17. Nxe4 Rxe4 18. Nb3 Bxa1 19. Rxa1 Qf6 20. Bd3 Re8 21. Rc1 Ne5 22. Be4 Bf5 23. Bxf5 Qxf5 24. c5 Qd3 25. Rc3 Qb1+ 26. Qc1 Nf3+ 27. gxf3 Re1+ 28. Kg2 Rxc1 29.
Nxc1 Qxb4 30. Rc2 Qxa4 31. Rb2 Qa3 32. Rc2 Re8 33. c6 bxc6 34. Rxc6 Re1 0-1

[Event "*** Titled Tuesday Blitz"]
[Site "Chess.com"]
[Date "2020.05.19"]
[Round "10"]
[White "Tacticusbd"]
[Black "ValeriyGrinev"]
[Result "0-1"]
[WhiteElo "2403"]
[BlackElo "2537"]
[TimeControl "180+1"]
[EndTime "13:54:24 PDT"]
[Termination "ValeriyGrinev won by resignation"]

1. e4 c5 2. b3 g6 3. Bb2 Nf6 4. e5 Nd5 5. Qf3 Nc7 6. h4 Bg7 7. h5 Nc6 8. hxg6 hxg6 9. Rxh8+ Bxh8 10. Qh3 Bg7 11. Qh7 Kf8 12. Nf3 e6 13. Bb5 Nxb5 14.
a4 Nbd4 15. Nxd4 Nxd4 16. Na3 Bxe5 17. Kf1 d5 18. Re1 Bg7 19. Nb5 b6 20. Re3 Ba6 0-1

[Event "*** Titled Tuesday Blitz"]
[Site "Chess.com"]
[Date "2020.05.19"]
[Round "10"]
[White "MisiekZielony"]
[Black "NefeLV"]
[Result "1-0"]
[WhiteElo "2092"]
[BlackElo "1820"]
[TimeControl "180+1"]
[EndTime "13:54:26 PDT"]
[Termination "MisiekZielony won by resignation"]

1. c4 e5 2. Nc3 c6 3. Nf3 d6 4. d4 exd4 5. Nxd4 Nf6 6. g3 Be7 7.
Bg2 O-O 8. O-O Bg4 9. h3 Bd7 10. e4 Qc8 11. Kh2 c5 12. Ndb5 Bxb5 13. Nxb5 Qc6 14. e5 Ne4 15. Re1 f5 16. exf6 Bxf6 17. Bxe4 Qb6 18. Qd5+ Kh8 19. Qxb7 Na6 20. Qxb6 axb6 21.
Bxa8 Rxa8 22. Nxd6 Nb4 23. Rb1 Nd3 24. Re2 h6 25.
Be3 Rxa2 26. Ne4 Bd4 27. Bxd4 cxd4 28. Rd2 Ne5 29. Kg2 Nc6 30. b4 Ra4 31. b5 Ne5 32. Rxd4 Kh7 33. Nd6 Ra2 34. Re1 Nd7 35. Re7 Nc5 36. Rg4 Nd3 37. Rgxg7+ Kh8 38. Rgf7 1-0

[Event "*** Titled Tuesday Blitz"]
[Site "Chess.com"]
[Date "2020.05.19"]
[Round "10"]
[White "Igor_Lysyj"]
[Black "PredragNikac"]
[Result "1-0"]
[WhiteElo "2758"]
[BlackElo "2323"]
[TimeControl "180+1"]
[EndTime "13:54:27 PDT"]
[Termination "Igor_Lysyj won by resignation"]

1. d4 c5 2. d5 e6 3. c4 Bd6 4.
Nc3 Bc7 5. Nf3 d6 6. dxe6 Bxe6 7.
Ng5 Nf6 8. g3 O-O 9. Bg2 Bxc4 10. Bxb7 Nbd7 11. O-O Rb8 12. Bg2 h6 13. Nf3 Ba6 14. b3 d5 15. Nxd5 Nxd5 16. Qxd5 Bxe2 17. Re1 Bxf3 18. Bxf3 Ne5 19. Rxe5 Bxe5 20. Qxe5 Re8 21. Qc3 Qd4 22. Bb2 Rbd8 23. Rc1 a5 24. Kg2 a4 25. Qxd4 cxd4 26. bxa4 d3 27. Rd1 f5 28. a5 Re6 29. Bc3 g5 30. Bb7 Re2 31. a3 Rc2 32. Bb4 f4 33. a6 fxg3 34. hxg3 Rf8 35. Bxf8 1-0

[Event "*** Titled Tuesday Blitz"]
[Site "Chess.com"]
[Date "2020.05.19"]
[Round "10"]
[White "1f3_2g41-0"]
[Black "ehrenfeld"]
[Result "0-1"]
[WhiteElo "2321"]
[BlackElo "2447"]
[TimeControl "180+1"]
[EndTime "13:54:30 PDT"]
[Termination "ehrenfeld won by resignation"]

1. e4 e5 2. Nf3 Nc6 3. Bb5 a6 4. Ba4 Nf6 5. O-O Be7 6. c3 Nxe4 7. Re1 Nf6 8. Nxe5 Nxe5 9. Rxe5 O-O 10. d4 d6 11. Re1 Bf5 12. Qf3 Bg4 13. Qg3 Bh5 14. Bh6 Bg6 15. Bg5 c6 16. Nd2 Re8 17. Bb3 Qd7 18.
f3 d5 19. Qh4 h6 20. Bf4 Nh5 21.
Rxe7 Qxe7 22. Be5 Qxh4 0-1

[Event "*** Titled Tuesday Blitz"]
[Site "Chess.com"]
[Date "2020.05.19"]
[Round "10"]
[White "fodorpoti"]
[Black "Nikolaj_6"]
[Result "1-0"]
[WhiteElo "2765"]
[BlackElo "2572"]
[TimeControl "180+1"]
[EndTime "13:54:33 PDT"]
[Termination "fodorpoti won by resignation"]

1. d4 Nf6 2. c4 c5 3. d5 e6 4.
Nc3 exd5 5. cxd5 d6 6. Nf3 g6 7.
Bf4 Bg7 8. h3 O-O 9. e3 Na6 10.
Be2 Nc7 11. O-O a6 12. a4 Rb8 13. a5 b5 14. axb6 Rxb6 15. Nd2 Ncxd5 16. Nc4 Nxf4 17. exf4 Rb4 18. Nxd6 Rxb2 19. Nxc8 Qxc8 20. Rxa6 Nh5 21.
Nd5 Kh8 22. Ra7 Nf6 23. Nxf6 Bxf6 24. Bc4 Kg7 25. Qd5 Qe8 26. g3 Bd4 27. Kg2 Rd2 28. h4 Be3 29. Qf3 Bd4 30. h5 Rc2 31. Qd5 Kg8 32.
hxg6 hxg6 33. f5 Qe5 34. fxg6 Qxd5+ 35. Bxd5 Kg7 36. Bxf7 c4 37. Rc7 c3 38. Bb3+ 1-0

[Event "*** Titled Tuesday Blitz"]
[Site "Chess.com"]
[Date "2020.05.19"]
[Round "10"]
[White "Koalaskakistis"]
[Black "mjray79"]
[Result "1-0"]
[WhiteElo "2460"]
[BlackElo "2304"]
[TimeControl "180+1"]
[EndTime "13:54:33 PDT"]
[Termination "Koalaskakistis won by resignation"]

1. f4 g6 2. Nf3 Bg7 3. g3 Nf6 4. Bg2 d6 5. O-O O-O 6. d3 c5 7. e4 Nc6 8. h3 Rb8 9. a4 a6 10. g4 b5 11. axb5 axb5 12. f5 e6 13. g5 Nh5 14. f6 Bh8 15. Qe1 e5 16. Qh4 d5 17. exd5 Qxd5 18. Be3 c4 19. Nd4 Qxd4 20. Bxd4 Nxd4 21. Na3 Nf5 22. Qf2 Nhg3 23. Rfe1 cxd3 24. cxd3 h6 25. h4 Bb7 26. Rxe5 Bxg2 27. Qxg2 Rbd8 28.
Rae1 b4 29. Nc4 Rxd3 30. Ne3 hxg5 31. hxg5 Rfd8 32. Nxf5 Nxf5 33. Re8+ Rxe8 34. Rxe8+ Kh7 35. Qh2+ 1-0

[Event "*** Titled Tuesday Blitz"]
[Site "Chess.com"]
[Date "2020.05.19"]
[Round "10"]
[White "Azoulas1"]
[Black "chesslh19"]
[Result "0-1"]
[WhiteElo "1958"]
[BlackElo "2169"]
[TimeControl "180+1"]
[EndTime "13:54:33 PDT"]
[Termination "chesslh19 won by checkmate"]

1. e4 c5 2. Nf3 d6 3. d4 cxd4 4. Nxd4 Nf6 5. Nc3 e6 6. Be3 a6 7.
f3 b5 8. Qd2 Bb7 9. O-O-O Nbd7 10. Qf2 Rc8 11. Bd3 Ne5 12. Nce2 Be7 13. h3 O-O 14. g4 d5 15. g5 Nxd3+ 16. Rxd3 dxe4 17. gxf6 exd3 18. fxe7 Qxe7 19. Nf4 e5 20. Nf5 Qf6 21. Bc5 Qxf5 22. Bxf8 Rxc2+ 23. Qxc2 dxc2 24. Ne2 Kxf8 25. Rf1 Bxf3 26. Ng3 Qf4+ 27. Kxc2 Qxg3 28. Rxf3 Qxf3 29. a4 Qxh3 30. axb5 axb5 31. b4 Qe3 32. Kb2 Qd3 33.
Ka1 Qd2 34. Kb1 e4 35. Ka1 e3 36. Kb1 e2 37. Ka1 e1=Q# 0-1

[Event "*** Titled Tuesday Blitz"]
[Site "Chess.com"]
[Date "2020.05.19"]
[Round "10"]
[White "PavelChernomordik"]
[Black "Aikiigm"]
[Result "0-1"]
[WhiteElo "2402"]
[BlackElo "2540"]
[TimeControl "180+1"]
[EndTime "13:54:39 PDT"]
[Termination "Aikiigm won by resignation"]

1. e4 Nf6 2. Nc3 e5 3. Nf3 Bb4 4. Nxe5 Bxc3 5. dxc3 O-O 6. Nd3 Nxe4 7. Be2 Re8 8. Nf4 d6 9. O-O Bf5 10. f3 Nf6 11. c4 Nbd7 12. b3 Nc5 13. Bb2 Qe7 14. Bd3 Qe3+ 15. Kh1 Qxf4 16. g3 Qg5 17. Bxf5 Qxf5 18. Rf2 a5 19. Qd4 Qe5 20. a4 Qxd4 21.
Bxd4 Ne6 22. Bc3 b6 23. Rd2 Kf8 24. Rad1 Nc5 25. Kg2 Nfd7 26. Kf2 Re7 27. h4 Rae8 28. Bd4 Nf6 29. g4 Nfe4+ 30. fxe4 Nxe4+ 31. Kf3 Nxd2+ 32. Rxd2 f6 33. g5 fxg5 34. hxg5 Kf7 35. Rg2 Kg6 36. c3 Rf7+ 37. Kg4 Re4+ 38. Kh3 Rf3+ 39. Kh2 c5 40. Bg1 Rxc3 41. Rd2 Re6 42. Rd5 Rxb3 43.
Kg2 Rc3 44. Bh2 Rxc4 45. Bxd6 Rd4 46. Rxd4 cxd4 47. Bf4 d3 48. Kf2 Kf5 49. Bc1 Re2+ 50. Kf3 h5 0-1

[Event "*** Titled Tuesday Blitz"]
[Site "Chess.com"]
[Date "2020.05.19"]
[Round "10"]
[White "Lovinski"]
[Black "ErikBlomqvist"]
[Result "0-1"]
[WhiteElo "2417"]
[BlackElo "2290"]
[TimeControl "180+1"]
[EndTime "13:54:44 PDT"]
[Termination "ErikBlomqvist won by checkmate"]

1. Nf3 c5 2. g3 b6 3. c4 Bb7 4.
Bg2 Nf6 5. O-O e6 6. Nc3 Be7 7. d4 cxd4 8. Qxd4 O-O 9. Rd1 Qc8 10. b3 Na6 11. Bb2 Nc5 12. Rac1 d6 13. Qd2 Rd8 14. b4 Nce4 15. Nxe4 Bxe4 16. Bf1 h6 17. Nd4 e5 18.
Nb5 Qf5 19. Nc7 Rac8 20. Nd5 Nxd5 21. cxd5 Bg5 22. f4 exf4 23. h4 fxg3 24. hxg5 Qf2# 0-1

[Event "*** Titled Tuesday Blitz"]
[Site "Chess.com"]
[Date "2020.05.19"]
[Round "10"]
[White "spela91"]
[Black "CalinGheorghiu"]
[Result "0-1"]
[WhiteElo "2025"]
[BlackElo "2254"]
[TimeControl "180+1"]
[EndTime "13:54:46 PDT"]
[Termination "CalinGheorghiu won by resignation"]

1. d4 Nf6 2. c4 g6 3. Nc3 Bg7 4. e4 d6 5. f3 O-O 6. Be3 c5 7. Nge2 Nc6 8. d5 Ne5 9. Ng3 h5 10. Be2 h4 11. Nf1 h3 12. g4 e6 13. Ng3 exd5 14.
cxd5 a6 15. a4 Rb8 16. O-O c4 17. g5 Nfd7 18. f4 Nd3 19. Bxd3 cxd3 20. Qxd3 b5 21. axb5 axb5 22. Nxb5 Nc5 23. Bxc5 dxc5 24. e5 Qb6 25. Nc3 c4+ 0-1

[Event "*** Titled Tuesday Blitz"]
[Site "Chess.com"]
[Date "2020.05.19"]
[Round "10"]
[White "1stSecond"]
[Black "Msb2"]
[Result "0-1"]
[WhiteElo "2738"]
[BlackElo "2906"]
[TimeControl "180+1"]
[EndTime "13:54:48 PDT"]
[Termination "Msb2 won by resignation"]

1. Nf3 d5 2. g3 Nc6 3. d4 Bf5 4. Bg2 Nb4 5. Na3 e6 6. c3 Nc6 7.
Qb3 Rb8 8. O-O Be7 9. Re1 Nf6 10. Nd2 b5 11. Qd1 Bxa3 12. bxa3 O-O 13. Nb3 Ne4 14. f3 Nxc3 15. Qd2 Na4 16. e4 Bg6 17. Qf2 Nb6 18. h4 Nc4 19. Bg5 f6 20. Bc1 dxe4 21.
fxe4 a5 22. d5 exd5 23. exd5 N6e5 24. Nc5 Qd6 25. Bf4 Rfe8 26. Rad1 Bh5 27. Rd4 Qxc5 0-1

[Event "*** Titled Tuesday Blitz"]
[Site "Chess.com"]
[Date "2020.05.19"]
[Round "10"]
[White "Savva09022009"]
[Black "Parkas"]
[Result "0-1"]
[WhiteElo "2400"]
[BlackElo "2297"]
[TimeControl "180+1"]
[EndTime "13:54:50 PDT"]
[Termination "Parkas won by resignation"]

1. d4 Nf6 2. Nc3 d5 3. Bf4 a6 4. e3 Bf5 5. Nf3 e6 6. Bd3 Bxd3 7. Qxd3 c5 8. O-O c4 9. Qe2 b5 10. e4 b4 11. e5 bxc3 12. exf6 cxb2 13. fxg7 Bxg7 14.
Rab1 c3 15. Be5 Rg8 16. Qe3 Bxe5 17. Nxe5 Qg5 18. Qh3 Nd7 19. f4 Qg7 20. Rf2 Rc8 21.
Nxd7 Kxd7 22. f5 Qxd4 23. fxe6+ fxe6 24. Qxh7+ Kd6 25. Re1 Rcf8 26. Rxe6+ Kxe6 27. Qh6+ Kd7 28. Qh7+ Kc6 29. Qh6+ Kb5 0-1

[Event "*** Titled Tuesday Blitz"]
[Site "Chess.com"]
[Date "2020.05.19"]
[Round "10"]
[White "imdarealist"]
[Black "umngqusho"]
[Result "0-1"]
[WhiteElo "2238"]
[BlackElo "2471"]
[TimeControl "180+1"]
[EndTime "13:54:51 PDT"]
[Termination "umngqusho won by resignation"]

1. d4 Nf6 2. Bf4 g6 3. Nc3 d5 4. Qd2 Bg7 5. f3 h6 6. O-O-O c5 7. dxc5 Nc6 8. Nxd5 Nxd5 9. Qxd5 Qa5 10. Bd2 Qb5 11. Qb3 Qxc5 12. e4 Be6 13. Qb5 Qf2 14. Nh3 Bxh3 15. gxh3 O-O 16. Bc4 Rac8 17. Rhg1 Nd4 18.
Qa4 b5 19. Bxb5 Rxc2+ 20. Qxc2 Nxc2 21. Kxc2 Qc5+ 22. Kb1 Qxb5 23. Bc1 Rb8 24. Rd5 Qb6 25. Rgd1 Bxb2 0-1

[Event "*** Titled Tuesday Blitz"]
[Site "Chess.com"]
[Date "2020.05.19"]
[Round "10"]
[White "Gandrade2"]
[Black "NotFischer"]
[Result "1-0"]
[WhiteElo "2036"]
[BlackElo "2086"]
[TimeControl "180+1"]
[EndTime "13:54:51 PDT"]
[Termination "Gandrade2 won by checkmate"]

1. b3 Nf6 2. Bb2 d6 3. e3 e5 4. d4 exd4 5. Qxd4 Be7 6. Nf3 O-O 7. Nc3 Nc6 8. Qd2 Bg4 9. Bb5 Bxf3 10. gxf3 Ne5 11.
Be2 Qd7 12. O-O-O a5 13. Rhg1 Rfd8 14. h4 Bf8 15. f4 Nc6 16. Bb5 Qf5 17. Rg5 Qe6 18. Bc4 Qh3 19. Nb5 Ne4 20. Qd5 Nxg5 21. hxg5 Qe6 22. Qh1 Qe7 23. Nc3 Nb4 24. a3 d5 25. Bd3 d4 26. Qxh7# 1-0

[Event "*** Titled Tuesday Blitz"]
[Site "Chess.com"]
[Date "2020.05.19"]
[Round "10"]
[White "GMStefanova"]
[Black "Alopekos"]
[Result "0-1"]
[WhiteElo "2626"]
[BlackElo "2511"]
[TimeControl "180+1"]
[EndTime "13:54:53 PDT"]
[Termination "Alopekos won by resignation"]

1. d4 Nf6 2. Nf3 e6 3. e3 c5 4. Bd3 Be7 5. O-O O-O 6. b3 b6 7. Bb2 Bb7 8. c4 d5 9. cxd5 Nxd5 10. Qe2 Nc6 11. dxc5 Bxc5 12. a3 Be7 13. Nbd2 Bf6 14.
Ne4 Bxb2 15. Qxb2 Nxe3 16. Rfe1 Nxg2 17. Red1 Nf4 18. Ba6 Qc7 19. Bxb7 Qxb7 20. Nd6 Qe7 21. Qc1 Ne2+ 0-1

[Event "*** Titled Tuesday Blitz"]
[Site "Chess.com"]
[Date "2020.05.19"]
[Round "10"]
[White "manikoloz"]
[Black "WeAintSurePal"]
[Result "1-0"]
[WhiteElo "2469"]
[BlackElo "2307"]
[TimeControl "180+1"]
[EndTime "13:54:56 PDT"]
[Termination "manikoloz won by resignation"]

1. Nf3 Nf6 2. c4 e6 3. e3 b6 4.
b3 Bb7 5. Bb2 c5 6. Be2 Be7 7.
O-O O-O 8. d4 Ne4 9. Qc2 Bf6 10.
Nbd2 Nxd2 11. Qxd2 d6 12. Rfd1 Qe7 13. b4 e5 14.
bxc5 bxc5 15. dxe5 dxe5 16. Qd6 Qxd6 17. Rxd6 e4 18.
Bxf6 exf3 19. Bxf3 Bxf3 20. Be7 Be4 21. f3 Bg6 22.
Bxf8 Kxf8 23. Rd8+ Ke7 24. Rad1 a5 25. Rg8 f6 26.
Rdd8 Bf7 27. Rxb8 Ra7 28. Rxg7 Rd7 29. Rb5 Rd1+ 30. Kf2 Kf8 31. Rxf7+ Kxf7 32. Rxa5 Rc1 33. Rxc5 Rc2+ 34. Kg3 Rxa2 35. Rc7+ Kg6 36. e4 h5 37. h4 Ra4 38. Kf4 Ra5 39. g3 1-0

[Event "*** Titled Tuesday Blitz"]
[Site "Chess.com"]
[Date "2020.05.19"]
[Round "10"]
[White "wanyaland"]
[Black "GoValya"]
[Result "1-0"]
[WhiteElo "2343"]
[BlackElo "2200"]
[TimeControl "180+1"]
[EndTime "13:54:57 PDT"]
[Termination "wanyaland won by resignation"]

1. e4 e6 2. d4 c5 3. Nf3 cxd4 4. Nxd4 Nc6 5. c4 Bc5 6. Nb3 Be7 7. Nc3 Nf6 8. Be3 O-O 9. Be2 d6 10. O-O b6 11. Rc1 Bb7 12. f3 Rc8 13. Nd4 Ne5 14. b3 a6 15. Qd2 Qc7 16. Rfd1 Rfd8 17. Kh1 h6 18. Bg1 Nc6 19. Nd5 exd5 20. cxd5 Qd7 21. dxc6 Bxc6 22. Bxa6 Bb7 23. Bb5 Rxc1 24. Rxc1 Nxe4 25.
fxe4 Qg4 26. Nc6 Bxc6 27. Bxc6 Bg5 28. Be3 Bf6 29. h3 Qg3 30. Qf2 Qe5 31. Bxb6 Rc8 32. a4 Bg5 33. Be3 Qa5 34. Bxg5 hxg5 35. Qf5 Qd2 36.
Qxc8+ Kh7 37. Bd5 1-0

[Event "*** Titled Tuesday Blitz"]
[Site "Chess.com"]
[Date "2020.05.19"]
[Round "10"]
[White "Mimsychess"]
[Black "boasovietica"]
[Result "0-1"]
[WhiteElo "2275"]
[BlackElo "2389"]
[TimeControl "180+1"]
[EndTime "13:54:58 PDT"]
[Termination "boasovietica won by resignation"]

1. d4 Nf6 2. c4 g6 3. Nc3 Bg7 4. e4 O-O 5. Nf3 d6 6. Be2 Bg4 7. Be3 Nfd7 8. Ng1 Bxe2 9. Ngxe2 c5 10. d5 b5 11. cxb5 a6 12. a4 axb5 13. axb5 Rxa1 14. Qxa1 Nb6 15. O-O N8d7 16. h3 Qc7 17. Qd1 Nc4 18.
Bc1 Ra8 19. Qb3 Nce5 20. Be3 c4 21. Qc2 Nd3 22. Nd4 N7c5 23. Nc6 Kf8 24. Bg5 Bf6 25. Bxf6 exf6 26. f4 Re8 27. Ra1 Nxe4 28. Nxe4 Rxe4 29.
Ra6 Qb7 30. Ra8+ Qxa8 0-1

[Event "*** Titled Tuesday Blitz"]
[Site "Chess.com"]
[Date "2020.05.19"]
[Round "10"]
[White "djamir"]
[Black "Papa12341234"]
[Result "1-0"]
[WhiteElo "2715"]
[BlackElo "2551"]
[TimeControl "180+1"]
[EndTime "13:55:00 PDT"]
[Termination "djamir won by resignation"]

1. d4 c5 2. e3 e6 3. Nf3 Nf6 4.
Bd3 cxd4 5. exd4 d5 6. O-O Nc6 7. c3 Bd6 8. Bg5 h6 9. Bh4 g5 10. Bg3 Bxg3 11. fxg3 Qd6 12. Nxg5 hxg5 13. Rxf6 Bd7 14. Nd2 Qe7 15. Qf3 g4 16. Qf4 O-O-O 17. Rxf7 Qe8 18. Re1 Qg8 19. Rxe6 Rh5 20. Ref6 Qh8 21.
Rf8 Qg7 22. Nf1 Rh8 23. R8f7 Qg8 24. Bf5 Qe8 25. Bxd7+ Rxd7 26. Rf8 Rxf8 27. Rxf8 1-0

[Event "*** Titled Tuesday Blitz"]
[Site "Chess.com"]
[Date "2020.05.19"]
[Round "10"]
[White "maciek_92"]
[Black "DenisQ"]
[Result "0-1"]
[WhiteElo "2720"]
[BlackElo "2573"]
[TimeControl "180+1"]
[EndTime "13:55:05 PDT"]
[Termination "DenisQ won by resignation"]

1. c4 c6 2. Nc3 d5 3. d4 Nf6 4. e3 Bf5 5. Nf3 e6 6. Bd3 Bxd3 7. Qxd3 Nbd7 8. O-O Be7 9. e4 dxe4 10. Nxe4 Nxe4 11.
Qxe4 Nf6 12. Qe2 O-O 13. b3 Qa5 14. Bd2 Bb4 15. Bg5 Qf5 16. a3 Bd6 17. Rfe1 h6 18.
Bh4 Rad8 19. b4 Be7 20. Rad1 Rfe8 21. Ne5 Nd7 22. Bg3 Nxe5 23. dxe5 Rxd1 24. Rxd1 Rd8 25. Rxd8+ Bxd8 26. Qd1 Bc7 27. f4 Qe4 28. c5 Qd5 29.
Qxd5 exd5 30. Kf2 f5 31. exf6 gxf6 32. Kf3 f5 33. Bh4 h5 34. g3 Kf7 35. Ke3 Ke6 36. Kd4 a5 37. Bg5 axb4 38. axb4 b6 39. h3 bxc5+ 40.
Kxc5 Bd6+ 41. Kxc6 Bxb4 42. Kb5 Be1 43. Bh4 Kd6 44.
Bg5 Bxg3 45. Kb4 Be1+ 46. Kb3 Kc5 47. Bf6 d4 48. Kc2 Kc4 49. Kd1 Bg3 50. Be5 Kd3 51.
Kc1 Ke3 52. Kd1 Bxf4 53. Bc7 Bxc7 0-1